Cogmind - Beta 13 X2 @@@ ROGUE MODE // 2024.02.10 @ 15:21:19 Player: LU-1G1 Result: Destroyed by as-73926 with Assembled Blade Performance ------------- Evolutions (0) 0 Regions Visited (2) 400 Robots Destroyed (31) 155 Value Destroyed (673) 673 Prototype IDs (0) 0 Alien Tech Used (0) 0 Bonus (0) 0 TOTAL SCORE: 1228 Bonus ------- None Cogmind --------- Core Integrity 0/250 Matter 74/300 Energy 117/125 System Corruption 6% Temperature Cool (75) Movement Treading (240) Ox1 Location -10/Mines Parts ------- > --- POWER (1) -------- Light Ion Engine > --- PROPULSION (2) --- Light Treads Light Treads > --- UTILITY (2) ------ High-capacity Storage Unit > --- WEAPON (2) ------- Light Cannon Light Cannon > --- INVENTORY (20) --- High-capacity Matter Pod (200) Seismic Detector EM Pulse Gun Mining Laser Hammer Mining Claw Peak State ------------ > --- POWER ------------ Ion Engine > --- PROPULSION ------- Light Treads Light Treads > --- UTILITY ---------- Medium Storage Unit High-capacity Storage Unit > --- WEAPON ----------- Heavy Assault Rifle Heavy Assault Rifle > --- INVENTORY -------- Light Ion Engine Light Treads Light Treads Light Treads High-capacity Matter Pod Seismic Detector EM Pulse Gun Heavy Assault Rifle Heavy Assault Rifle Light Cannon [Rating: 10] Favorites ----------- Power Ion Engine Engine Ion Engine Propulsion Light Treads Treads Light Treads Utility High-capacity Storage Unit Device Seismic Detector Storage High-capacity Storage Unit Processor Signal Interpreter Weapon Heavy Assault Rifle Energy Gun Small Laser Ballistic Gun Heavy Assault Rifle Ballistic Cannon Light Cannon Special Weapon Mining Laser Build | -11 -10 -10 ------- Run | Yrd Mat Min Slots Evolved . | . . . Power . | . . . Propulsion . | . . . Utility . | . . . Weapon . | . . . Parts Attached 36 | 7 16 13 Power 4 | 1 1 2 Engine 4 | 1 1 2 Core . | . . . Reactor . | . . . Propulsion 9 | 2 2 5 Treads 9 | 2 2 5 Leg . | . . . Wheel . | . . . Hover . | . . . Flight . | . . . Utility 5 | 2 3 . Device 1 | 1 . . Storage 3 | 1 2 . Processor 1 | . 1 . Hackware . | . . . Protection . | . . . Artifact . | . . . Weapon 18 | 2 10 6 Energy Gun 1 | 1 . . Energy Cannon . | . . . Ballistic Gun 13 | 1 8 4 Ballistic Cannon 2 | . . 2 Launcher . | . . . Special Weapon 2 | . 2 . Impact Weapon . | . . . Slashing Weapon . | . . . Piercing Weapon . | . . . Special Melee Weapon . | . . . Unidentified Prototypes . | . . . Parts Lost 12 | . . 12 Power 2 | . . 2 Propulsion 4 | . . 4 Utility 1 | . . 1 Weapon 5 | . . 5 Highest Loss Streak 12 | . . 12 To Critical Strikes . | . . . Average Slot Usage (%) 90 | . 91 87 Engine 13 | . 14 12 Treads 27 | . 27 28 Device 2 | . 2 . Storage 14 | . 14 14 Processor 4 | . 3 4 Energy Gun 3 | . 3 . Ballistic Gun 22 | . 22 21 Special Weapon 1 | . 1 . Naked Turns . | . . . Heaviest Build 61 | 14 61 51 Greatest Support 40 | 40 40 40 Greatest Overweight (x) 1 | . 1 1 Average Overweight (x) . | . . 1 Largest Inventory Capacity 20 | 8 20 20 Average Capacity 15 | 7 16 20 Most Carried 18 | 6 18 17 Average Carried 11 | 4 12 13 Final Capacity 20 | 8 20 20 Final Carried 17 | 6 17 6 Class Distribution -------------------- 100% | Mutant Dominant Class ---------------- Mutant | -10/Materials Mutant | -10/Mines Resources | -11 -10 -10 ----------- Run | Yrd Mat Min Matter Collected 938 | 285 653 . Remotely . | . . . Salvage Created 1194 | 136 983 75 Parts 67 | 8 53 6 Haulers Intercepted 2 | . 2 . Recyclers Shooed 3 | 1 2 . Parts Field Recycled . | . . . Retrieved Matter . | . . . Parts Self-Destructed . | . . . Prevented . | . . . Kills | -11 -10 -10 ------- Run | Yrd Mat Min Combat Hostiles Destroyed 21 | . 14 7 Guns 18 | . 14 4 Cannons 3 | . . 3 Classes Destroyed 10 | 2 6 2 Worker 2 | . 2 . Builder 2 | . 1 1 Tunneler 2 | 2 . . Hauler 2 | . 2 . Recycler 4 | 1 3 . Operator 1 | . 1 . Watcher 3 | . 3 . Grunt 14 | . 14 . Demolisher 1 | . . 1 Assembled 6 | . . 6 Best Kill Streak 8 | 3 7 8 Combat Bots Only 7 | . 4 7 Max Kills in Single Turn 2 | 2 1 2 Gunslinging . | . . . Exploded . | . . . Melee . | . . . Uniques/NPCs Destroyed . | . . . Combat | -11 -10 -10 -------- Run | Yrd Mat Min Hostile Shots Fired 113 | . 46 67 Missed 31 | . 14 17 Damage Taken 1879 | . 393 1486 Core 255 | . 59 196 Absorbed by Shields . | . . . Regen/Repaired (Parts) 84 | . 84 . Core Remaining (%) 100 | 100 . . Volleys Fired 89 | 5 61 23 Largest 2 | 2 2 2 Hottest 100 | 60 100 70 Shots Fired 174 | 10 121 43 Gun 157 | 10 119 28 Cannon 15 | . . 15 Launcher . | . . . Special 2 | . 2 . Kinetic 144 | 5 96 43 Thermal 30 | 5 25 . Explosive . | . . . Electromagnetic . | . . . Robot Hit Streak 9 | 4 9 7 Robot Miss Streak 5 | 2 3 5 Penetration Max . | . . . Secondary Targets 5 | . 1 4 Max Gunslinging Chain 1 | . 1 1 Shots Hit Robots 109 | 6 76 27 Core Hits 54 | 4 34 16 Critical Kills . | . . . Critical Parts Destroyed 2 | . 2 . Critical Strikes 3 | . 2 1 Destroy 2 | . 2 . Blast 1 | . . 1 Melee Attacks . | . . . Impact . | . . . Slashing . | . . . Piercing . | . . . Sneak Attacks . | . . . Combat Hostiles . | . . . Follow-up Attacks . | . . . Damage Inflicted 1628 | 84 1066 478 Guns 1470 | 83 1055 332 Cannons 146 | . . 146 Explosions . | . . . Melee . | . . . Ramming 12 | 1 11 . Kinetic 1375 | 39 858 478 Thermal 241 | 44 197 . Explosive . | . . . Electromagnetic . | . . . Impact . | . . . Slashing . | . . . Piercing . | . . . Highest Corruption 6 | . 2 6 Average Corruption 2 | . 2 4 Corruption Purged . | . . . Corruption Blocked . | . . . Effects 23 | . 21 2 Message Errors 4 | . 4 . Matter Fused 3 | . 3 . Heat Flow Errors 2 | . 1 1 Energy Discharges 6 | . 6 . Parts Rejected 2 | . 1 1 Data Loss (minor) 3 | . 3 . Data Loss (major) 2 | . 2 . Misfires 1 | . 1 . Overload Shots . | . . . Overflow Damage . | . . . Projectiles . | . . . Explosions . | . . . Melee . | . . . Knockbacks 3 | . . 3 Impact . | . . . Kinetic 3 | . . 3 Secondary . | . . . Self-Inflicted Damage . | . . . Shots . | . . . Rammed 4 | 1 3 . Targets Rammed 6 | 1 5 . Kicked . | . . . Crushed 2 | . 2 . Highest Temperature 142 | . 127 142 Average Temperature 49 | . 23 99 Received Heat Transfer 326 | . 219 107 Siege Activations . | . . . Robots Corrupted . | . . . Combat Hostiles . | . . . Parts Fried . | . . . Impact Corruptions . | . . . Robots Melted . | . . . Combat Hostiles . | . . . Parts Melted . | . . . Heat Transferred 550 | 100 450 . Parts Sabotaged . | . . . Parts Stolen . | . . . Parts Stripped . | . . . Power Chain Reactions . | . . . Missiles Intercepted . | . . . Alert | -11 -10 -10 ------- Run | Yrd Mat Min Peak Influence 265 | 15 265 50 Initial 50 | . 9 50 Average 103 | 4 113 30 Maximum Alert Level 1 | . 1 . Low Security (%) 95 | 100 95 100 Level 1 4 | . 4 . Level 2 . | . . . Level 3 . | . . . Level 4 . | . . . Level 5 . | . . . High Security . | . . . Max Security . | . . . Squads Dispatched 5 | . 5 . Investigation 3 | . 3 . Extermination . | . . . Reinforcement 2 | . 2 . Assault . | . . . Garrison . | . . . Intercept . | . . . Searches Triggered . | . . . Construction Impeded . | . . . Haulers Reinforced . | . . . Active Scanning Responses . | . . . Cargo Convoy Interrupts . | . . . Stealth | -11 -10 -10 --------- Run | Yrd Mat Min Distress Signals . | . . . Communications Jammed . | . . . Distress Signals . | . . . Times Spotted 45 | . 25 20 Peak Tracking Total 5 | . 4 5 Tactical Retreats . | . . . Traps | -11 -10 -10 ------- Run | Yrd Mat Min Traps Triggered 2 | . 2 . Indirectly . | . . . Trap Hack Attempts . | . . . Triggered . | . . . Disarmed . | . . . Reprogrammed . | . . . Reused . | . . . Traps Extracted . | . . . Installed . | . . . Triggered . | . . . Machines | -11 -10 -10 ---------- Run | Yrd Mat Min Machines Disabled . | . . . Max in Single Turn . | . . . Machines Repaired . | . . . Machines Dismantled . | . . . Machines Sabotaged . | . . . Overloaded Fab Kills . | . . . Hacking | -11 -10 -10 --------- Run | Yrd Mat Min Machines Accessed 8 | . 8 . Terminals 5 | . 5 . Fabricators . | . . . Repair Stations 1 | . 1 . Recycling Units 2 | . 2 . Scanalyzers . | . . . Garrison Access . | . . . Total Hacks 22 | . 22 . Successful 10 | . 10 . Failed 11 | . 11 . Catastrophic 2 | . 2 . Database Lockouts 1 | . 1 . Manual 12 | . 12 . Terminals 17 | . 17 . Fabricators . | . . . Repair Stations 3 | . 3 . Recycling Units 2 | . 2 . Scanalyzers . | . . . Garrison Access . | . . . Terminal Hacks 4 | . 4 . Robot Analysis 1 | . 1 . Locate Traps 1 | . 1 . Hauler Manifests 1 | . 1 . Zone Layout 1 | . 1 . Fabricator Hacks . | . . . Repair Station Hacks 2 | . 2 . Scan Component 1 | . 1 . Repair 1 | . 1 . Recycling Unit Hacks . | . . . Scanalyzer . | . . . Garrison Access Hacks . | . . . Unauthorized Hacks 4 | . 4 . Terminals 2 | . 2 . Botnet 1 | . 1 . Operators 1 | . 1 . Fabricators . | . . . Repair Stations . | . . . Recycling Units 2 | . 2 . Tunnel 2 | . 2 . Scanalyzers . | . . . Garrison Access . | . . . Data Cores Recovered . | . . . Used . | . . . Hacking Detections 6 | . 6 . Full Trace Events 4 | . 4 . Feedback Events . | . . . Feedback Blocked . | . . . Robot Schematics Acquired . | . . . Robots Built . | . . . Authchips . | . . . Time . | . . . Total Robot Build Rating . | . . . Part Schematics Acquired . | . . . Parts Built . | . . . Authchips . | . . . Time . | . . . Total Part Build Rating . | . . . Parts Repaired 1 | . 1 . Time 32 | . 32 . Parts Recycled . | . . . Recycled Matter . | . . . Retrieved Matter . | . . . Retrieved Components . | . . . Parts Scanalyzed . | . . . Part Schematics Acquired . | . . . Parts Damaged . | . . . Bothacking | -11 -10 -10 ------------ Run | Yrd Mat Min Used RIF Installer . | . . . Robots Hacked . | . . . Non-combat . | . . . Combat . | . . . Robot Hacks Applied . | . . . Relay Couplers Released . | . . . Fabnet Peak Effective % . | . . . Robots Rewired . | . . . Allies Hacked . | . . . Hacks Repelled . | . . . Allies | -11 -10 -10 -------- Run | Yrd Mat Min Total Allies . | . . . Largest Group . | . . . Highest-Rated Group . | . . . Highest-Rated Ally . | . . . Total Orders . | . . . Ally Attacks . | . . . Total Damage . | . . . Kills . | . . . Allies Corrupted . | . . . Allies Melted . | . . . Intel | -11 -10 -10 ------- Run | Yrd Mat Min Robot Analysis Total 1 | . 1 . Derelict Logs Recovered . | . . . Drone Launches . | . . . Drone Recoveries . | . . . Exploration | -11 -10 -10 ------------- Run | Yrd Mat Min Turns Passed 1995 | 100 1777 118 Spaces Moved 777 | 46 717 14 Core 5 | 5 . . Treads 772 | 41 717 14 Legs . | . . . Wheels . | . . . Hover . | . . . Flight . | . . . Fastest Speed 50 | 50 160 240 Average Speed 203 | 148 206 240 Slowest Speed 240 | 160 240 240 Overloaded Moves . | . . . Propulsion Burnouts . | . . . Robots Hopped . | . . . Cave-ins Triggered . | . . . Exploration Rate (%) 35 | 4 92 9 Regions Visited 2 Branch Regions 1 Pre-discovered Areas 2 | . 2 . Known Exits Taken 1 | . 1 . Unknown Exits Taken 1 | 1 . . Scrap Searched . | . . . Spaces Dug 2 | . 2 . Terrain Destroyed 2 | . 2 . Melee . | . . . Projectile 2 | . 2 . AOE . | . . . Terrain Rammed . | . . . Walls Destroyed . | . . . Machines Disabled . | . . . Actions | -11 -10 -10 --------- Run | Yrd Mat Min Total 1010 | 64 891 55 Wait 67 | . 62 5 Move 776 | 46 716 14 Hop . | . . . Pick Up 21 | 6 15 . Fast Attach 16 | 7 8 1 Attach 14 | . 3 11 Detach 6 | . 6 . Swap 6 | . 5 1 Drop 10 | . 10 . Fire 89 | 5 61 23 Melee . | . . . Ram . | . . . Kick . | . . . Crush 5 | . 5 . Escape Stasis . | . . . Rewire . | . . . Trap . | . . . Miscellaneous . | . . . Route ------- -11/Scrapyard -10/Materials (discovered 5 exits: *Mat x3 / *Min / [*Sub]) -10/Mines History --------- Turn | Location | Event 11 | -11/Scrapyard | Discovered new exit (range 15) 101 | -11/Scrapyard | Entered Materials 314 | -10/Materials | Build established: Mutant 417 | -10/Materials | Discovered new exit (range 6) 461 | -10/Materials | Discovered new exit (range 20) 559 | -10/Materials | Discovered new exit (range 6) 578 | -10/Materials | Central database locked down 779 | -10/Materials | Discovered new exit (range 10) 901 | -10/Materials | Repaired Hvy. Assault Rifle 1423 | -10/Materials | Discovered new exit (range 6) 1441 | -10/Materials | Identified exit to Materials 1517 | -10/Materials | Identified exit to Mines 1878 | -10/Materials | Entered Mines 1906 | -10/Mines | Assembled infested the area 1913 | -10/Mines | Met a Derelict bent on vengeance 1949 | -10/Mines | Core integrity fell below 50% 1981 | -10/Mines | Core integrity fell below 20% 1996 | -10/Mines | Destroyed by as-73926 with Assembled Blade Last Messages --------------- 01969_ The unstable cave ceiling collapses. 01970_ Lgt. Treads destroyed. 01970_ Hvy. Assault Rifle destroyed. 01971_ as-53678 destroyed. 01972_ The unstable cave ceiling collapses. 01972_ U-05 Engineer lays Concrete. 01977_ The unstable cave ceiling collapses. 01977_ as-58747 knocked back. 01977_ U-05 Engineer lays Concrete. 01978_ The unstable cave ceiling collapses. 01978_ U-05 Engineer lays Concrete. 01980_ U-05 Engineer destroyed. 01980_ as-58747 destroyed. 01981_ The unstable cave ceiling collapses. 01982_ Lgt. Treads destroyed. 01983_ Ion Engine destroyed. 01990_ R-06 Scavenger collects Wheel. 01993_ R-06 Scavenger collects Welding Torch. 01994_ as-60683 suffers critical hit (Blast). 01994_ as-60683 destroyed. Map ----- +----------------------------------------------------+ | ?????????????????????????????????????????????????? | | ?????????????????????????????????????????????????? | | ?????????????????????????????????????????????????? | | ?????????????????????????????????????????????????? | | ?????????????????????????????????????????????????? | | ??????????????????????????####???????????????????? | | ????????????????????????## ##??????????????????? | | ????????????????????????# #??????????????????? | | ????????????????????????# ???????????????????? | | ????????????????????????# #???????????????????? | | ???????????????????????## #???????????????????? | | ???????????????????????# #???????????????????? | | ???????????????????????# #????????????????????? | | ???????????????? ?????# #?????????????????????? | | ?????????????? ????# #?????????????????????? | | ?????????????? ???# #?????????????????????? | | ??????????????# ??## #?????????????????????? | | ??????????????# ## #?????????????????????? | | ?????????????## # #?????????????????????? | | ?????????????? #?????????????????????? | | ???????????????? ##????????????????????? | | ?????????????????? a ##???????????????????? | | ???????????????????# # ###??????????????????? | | ????????????????????# # #??????????????????? | | ????????????????????# #a ## #?????????????? | | ????????????????????#%##%@t ## #?????????????? | | ????????????????????# ! r #??????????????? | | ????????????????????# !% ##??????????????? | | ??????????????????? =* ##???????????????? | | ????????????????? % ##????????????????? | | ????????????????#### a ##?????????????????? | | ???????????????????## #### %#??????????????????? | | ????????????????????###????% ##??????????????????? | | ??????????????????????????? #???????????????????? | | ??????????????????????????? #???????????????????? | | ??????????????????????????? ???????????????????? | | ??????????????????????????? ???????????????????? | | ???????????????????????????? #??????????????????? | | ???????????????????????????? ??????????????????? | | ????????????????????????????? ??????????????????? | | ????????????????????????????? ???????????????????? | | ?????????????????????????????????????????????????? | | ?????????????????????????????????????????????????? | | ?????????????????????????????????????????????????? | | ?????????????????????????????????????????????????? | | ?????????????????????????????????????????????????? | | ?????????????????????????????????????????????????? | | ?????????????????????????????????????????????????? | | ?????????????????????????????????????????????????? | | ?????????????????????????????????????????????????? | +----------------------------------------------------+ Best States ------------- Heat Dissipation 25 Energy Generation 10 Energy Capacity 250 Matter Stores 300 Matter Capacity 300 Sight Range 16 Terrain Scan Density 10 Evasion (%) 40 Recoil Reduction 2 Item Schematics ----------------- None Robot Schematics ------------------ None Fabricated ------------ Nothing Alien Tech Used ----------------- None Achievements -------------- None Challenges ------------ None Game ------ Seed CoordinationCentriumShovel Manual? 0 Play Time 00:14:49 Cumulative 661.4 hours Start 2024.02.10 @ 15:00:24 End 2024.02.10 @ 15:21:19 Sessions 1 Manual Loads 0 Difficulty Rogue Special Mode None Game No. 574 Rogue 359 Adventurer 112 Explorer 103 Win Type - Total 43 Types 26/0/9/3/0/0/4/1/0 Lore% 85 Gallery% 91 Achievement% 82 Wizard Run 0 Options --------- ASCII 0 Keyboard 1 Movement Vi Keybinds 1 Fullscreen 2 Font 36/TerminusBold Map View 76x50 Zoom Use 0% Tactical HUD 1 Map Filters NONE Filters NONE Steam 1 RUN: 0d4e4adb-8416-4777-ac44-03b2e2a78cb1